 Dungeon Crawl Stone Soup version 0.19.1-1-g22dce08 (webtiles) character file.

99 ponk the Caller (level 4, -2/30 HPs)
             Began as a Mummy Summoner on Jan 13, 2017.
             Slain by an adder (5 damage)
             ... on level 3 of the Dungeon.
             The game lasted 00:11:24 (3615 turns).

ponk the Caller (Mummy Summoner)                    Turns: 3615, Time: 00:11:25

Health: -2/30      AC:  3    Str: 11    XL:     4   Next: 45%
Magic:  5/7        EV: 12    Int: 15    God:
Gold:   111        SH:  0    Dex: 12    Spells: 2 memorised, 4 levels left

rFire  x . .     SeeInvis .     d - +0 spear
rCold  + . .     Gourm    .     a - +0 robe
rNeg   + + +     Faith    .     (no shield)
rPois  ∞         Spirit   .     e - +0 helmet
rElec  .         Reflect  .     (no cloak)
rCorr  .         Harm     .     (no gloves)
MR     .....                    (no boots)
Stlth  ++........               (no amulet)
                                (no ring)
                                (no ring)

@: no status effects
A: no food or potions, fire vulnerability, cold resistance 1, negative energy
resistance 3, torment resistance, unbreathing
a: no special abilities


You were on level 3 of the Dungeon.
You were not hungry.

You visited 1 branch of the dungeon, and saw 4 of its levels.

You collected 111 gold pieces.

Inventory:

Hand Weapons
 d - a +0 spear (weapon)
Missiles
 c - 31 poisoned needles
 f - 8 curare-tipped needles
Armour
 a - a +0 robe (worn)
 e - a +0 helmet (worn)
Wands
 j - a wand of polymorph (11/24)
 k - a wand of flame (15/48)
Scrolls
 g - 2 scrolls of blinking
 h - a scroll of amnesia
 i - a scroll of enchant weapon
 l - a scroll of remove curse {unknown}
 m - a scroll of enchant armour {unknown}
Books
 b - a book of Callings

   Spells                             Type                      Level
   a - Summon Small Mammal            Summoning                    1
   b - Call Imp                       Summoning                    2
   c - Call Canine Familiar           Summoning                    3
   d - Summon Guardian Golem          Hexes/Summoning              3
   e - Summon Lightning Spire         Summoning/Air                4
   f - Summon Ice Beast               Ice/Summoning                4


   Skills:
 - Level 1.6 Dodging
 - Level 1.6 Stealth
 - Level 2.2 Spellcasting
 + Level 4.7 Summonings


You had 4 spell levels left.
You knew the following spells:

 Your Spells              Type           Power        Failure   Level  Hunger
a - Summon Small Mammal   Summ           ###.         3%          1    N/A
b - Call Imp              Summ           ###.....     6%          2    N/A

Dungeon Overview and Level Annotations

Branches:
Dungeon (4/15)
 Temple: D:4-7

Altars:

Annotations:
D:4 Razmath's ghost, amateur DsAK


Innate Abilities, Weirdness & Mutations

You do not eat or drink.
Your flesh is vulnerable to fire.
You are immune to poison.
Your flesh is cold resistant. (rC+)
You are immune to negative energy. (rN+++)
You are immune to unholy pain and torment.
You can survive without breathing.


Message History

The adder closely misses you. The adder bites you.
You miss the adder.
The adder is almost dead.
The adder bites you.
* * * LOW HITPOINT WARNING * * *
You are too injured to fight recklessly!
You are too injured to fight recklessly!
You are too injured to fight recklessly!
An adder is nearby!
Casting: Call Imp
Confirm with . or Enter, or press ? or * to list all spells.
A beastly little devil appears in a puff of flame.
The adder bites you.
* * * LOW HITPOINT WARNING * * *
The adder bites you.
* * * LOW HITPOINT WARNING * * *
Your crimson imp misses the adder.
Your crimson imp blinks!
The adder bites you.
You die...

#'###.###'###..#.......#
#.# #.# #.# #..#.......#
##### #.###.###.#
#..#.......# #....
#...+.'...# #..........#
#.### #####.#####
#..........# #.# #.#
#..........# #.#
#####'#######....#'#####
###.#
................S#.####
#...#
#......##....#..@#....#
#.###
#.##........5....####.#
#.# ....!..#.........#
#.#####.#
#...##.#.###.....#
#.#.....##### #...##.#.#
#.#...# #.#.##.......
....##.#.# #.#>).#
#.#.###.##### #........#
#.##..# #.#.....#
##.###.### #.##..#
#.######## ##.###.#
#.##..# #........#


You could see an adder and a friendly crimson imp.

Vanquished Creatures
  Robin (D:2)
  An adder (D:3)
  An orc (D:3)
  4 bats
  2 giant cockroaches (D:1)
  4 hobgoblins
  2 kobolds (D:1)
  A ball python (D:1)
  3 frilled lizards
  7 goblins
  5 rats
31 creatures vanquished.

Vanquished Creatures (collateral kills)
  Ijyb (D:2)
  Terence (D:2)
  An adder (D:2)
  A dart slug (D:2)
  A leopard gecko (D:2)
  4 bats
  A giant cockroach (D:2)
  5 goblins
  2 hobgoblins (D:2)
  6 kobolds
  6 rats
29 creatures vanquished.

Vanquished Creatures (others)
  A hobgoblin (D:2)
1 creature vanquished.

Grand Total: 61 creatures vanquished

Notes
Turn   | Place    | Note
-------+----------+-------------------------------------------
     0 | D:1      | ponk the Mummy Summoner began the quest for the Orb.
     0 | D:1      | Reached XP level 1. HP: 13/13 MP: 3/3
   289 | D:1      | Reached XP level 2. HP: 19/19 MP: 5/5
   294 | D:1      | Learned a level 2 spell: Call Imp
  1140 | D:2      | Reached XP level 3. HP: 24/24 MP: 3/6
  1343 | D:2      | Reached skill level 4 in Summonings
  1559 | D:2      | Noticed Robin
  1590 | D:2      | Killed Robin
  1673 | D:2      | Noticed Terence
  2030 | D:2      | Noticed Ijyb
  2080 | D:2      | Killed Ijyb
  2080 | D:2      | Reached XP level 4. HP: 11/30 MP: 2/7
  2219 | D:2      | Killed Terence
  3506 | D:4      | Noticed Razmath's ghost (amateur DsAK)
  3615 | D:3      | Slain by an adder

Skill      XL: |  1  2  3 |
---------------+----------+-----
Summonings     | 4 |  4.7
Dodging        | |  1.6
Stealth        | |  1.6
Spellcasting   | |  2.2

Action                   |  1- 3 |  4- 6 || total
-------------------------+-------+-------++-------
Melee: Hand axe          |     7 |       ||     7
       Spear             |    88 |    47 ||   135
       Unarmed           |     5 |       ||     5
 Cast: Summon Small Mamm |     3 |       ||     3
       Call Imp          |    30 |    14 ||    44
  Use: Scroll            |       |     3 ||     3
 Stab: Sleeping          |     3 |     2 ||     5
Armor: Robe              |    18 |     8 ||    26
Dodge: Dodged            |    72 |    32 ||   104
